Unix NetHack Version 5.0.0-0 post-release - last build May 31 2026 23:59:36 (970b52f25bf058293b47ddfd14a1e40e571c508c,branch:main).

Game began 2026-06-09 16:39:17, ended 2026-06-09 17:17:39.

LDaviesPeters, neutral female human Archeologist

                                                                -----
                                               -----------      |F..|
                                              #+..{......|     #-.<.|
                                              #|.........|     #-.---
                                           ####..........|     # ##
                                           #  #----.---|--   ###  ######
                        # ---------------  #  #    # ###    ##         #
                       ###-.............|  # ##    ###   ####          #
            --------- ##  |..............#####    ##     #             #
            |[[[.[[.|f#   |.........>...|         #      #        -----.---
            |[[[))[.m@    ---------------         #      #        |.......|
            |[[[[[[.|                             #      #        |.......|
            |[)[)[[.|                             #      #        |.......|
            ---------                             #      #        |.......|
                                              #*####     #        |.......|
                                               --.-.-----#        |.......|
                                               |........-#        ---------
                                               |(.......|
                                               ----------

LDaviesPeters the Field Worker  St:13 Dx:11 Co:12 In:15 Wi:18 Ch:10  Neutral
Dlvl:4  $:0  HP:0(31) Pw:19(19) AC:5  Xp:4 T:2806 

Latest messages:
 The kitten is frozen by its gaze!
 s - an iron skull cap.
 There is a hobgoblin corpse here; eat it? [ynq] (n) y
 This hobgoblin corpse is fatty.
 You stop eating the hobgoblin corpse.
 You lash the small mimic.
 You lash the small mimic.
 You miss the small mimic.
 You lash the small mimic.
 You lash the small mimic.
 The small mimic hits!
 You lash the small mimic.
 You lash the small mimic.
 The small mimic hits!
 You miss the small mimic.
 The small mimic hits!
 You miss the small mimic.
 You lash the small mimic.
 The small mimic hits!
 You lash the small mimic.
 You lash the small mimic.
 Are you sure you want to pray? [yn] (n) y
 You begin praying to Camaxtli.
 You are surrounded by a shimmering light.
 The small mimic starts to attack you, but pulls back.
 You finish your prayer.
 You feel that Camaxtli is well-pleased.
 You feel much better.
 You lash the small mimic.
 You lash the small mimic.
 You miss the small mimic.
 You lash the small mimic.
 You lash the small mimic.
 You lash the small mimic.
 You miss the small mimic.
 The small mimic hits!
 You miss the small mimic.
 The small mimic hits!
 You miss the small mimic.
 You lash the small mimic.
 You miss the small mimic.
 The small mimic hits!
 You miss the small mimic.
 The small mimic hits!
 You die...
 Do you want your possessions identified? [ynq] (y) y
 Do you want to see your attributes? [ynq] (y) y
 Do you want an account of creatures vanquished? [ynaq] (y) n
 Do you want to see your conduct and achievements? [ynq] (y) y
 Do you want to see the dungeon overview? [ynq] (y) n

Inventory:
 Weapons  (')')
  a - a +2 bullwhip (weapon in right hand)
 Armor    ('[')
  m - an uncursed +0 orcish helm (being worn)
  s - a cursed +0 orcish helm
  r - an uncursed +0 pair of kicking boots (being worn)
  B - an uncursed +0 shield of shock resistance (being worn)
  o - an uncursed +0 alchemy smock with text "If you don't like the food, I'll stab you" (being worn)
  h - an uncursed +0 leather jacket (being worn)
 Comestibles  ('%')
  q - an uncursed candy bar labeled "Om-nom"
  d - 9 uncursed food rations
  N - an uncursed fortune cookie
 Scrolls  ('?')
  j - an uncursed scroll of teleportation
  n - a cursed scroll of teleportation
 Rings    ('=')
  E - an uncursed ring of conflict
 Wands    ('/')
  R - a wand of cancellation (0:7)
  l - a wand of cancellation (0:6)
  P - a wand of death (0:4)
  O - a wand of make invisible (0:5)
 Tools    ('(')
  b - an uncursed sack containing 4 items
  U - an uncursed magic whistle
  f - a tinning kit (0:81)
 Gems/Stones  ('*')
  k - an uncursed amber stone
  D - an uncursed topaz stone
  g - an uncursed touchstone

Contents of the sack:
  85 gold pieces
  an uncursed scroll of enchant weapon
  3 uncursed scrolls of identify
  a +0 pick-axe

LDaviesPeters the Archeologist's attributes:

Background:
 You were a Field Worker, a level 4 female human Archeologist.
 You were neutral, on a mission for Camaxtli
 who was opposed by Quetzalcoatl (lawful) and Huhetotl (chaotic).
 You were right-handed.
 You were in the Dungeons of Doom, on level 4.
 You entered the dungeon 2806 turns ago.
 You had 87 experience points, 73 more were needed to attain level 5.

Basics:
 You had 0 out of 31 hit points.
 You had all 19 energy points (spell power).
 Your armor class was 5.
 Your wallet was empty, but
 you had 85 zorkmids stashed away in your pack.
 Autopickup was off.

Final Characteristics:
 Your strength was 13 (limit:18/100).
 Your dexterity was 11 (limit:18).
 Your constitution was 12 (limit:18).
 Your intelligence was 15 (limit:18).
 Your wisdom was 18 (limit:18).
 Your charisma was 10 (limit:18).

Final Status:
 You weren't hungry.
 You were unencumbered.
 You were wielding a whip.
 You had basic skill with whip.

Final Attributes:
 You were piously aligned.
 You were shock resistant.
 Your items were protected from electric shocks.
 You were poison resistant.
 You were acid resistant.
 Your items were protected from acid.
 You had automatic searching.
 You were warded.
 You are dead.

Miscellaneous:
 You didn't encounter any bones levels.
 Total elapsed playing time was 38 minutes and 22 seconds.

Major events:
 Turn
    1: LDaviesPeters the neutral female human Archeologist entered the dungeon
 2119: attained the rank of Field Worker (level 3)
 2259: entered the Gnomish Mines
 2806: killed by a small mimic

You didn't know any spells.

Skills:
 Fighting Skills
   bare handed combat [Unskilled]
   two weapon combat  [Unskilled]
   riding             [Unskilled]
 Weapon Skills
   dagger             [Unskilled]
   knife              [Unskilled]
   pick-axe           [Basic]
   short sword        [Unskilled]
   saber              [Unskilled]
   club               [Unskilled]
   quarterstaff       [Unskilled]
   sling              [Unskilled]
   dart               [Unskilled]
   boomerang          [Unskilled]
   whip               [Basic]
   unicorn horn       [Unskilled]
 Spellcasting Skills
   attack spells      [Unskilled]
   healing spells     [Unskilled]
   divination spells  [Unskilled]
   matter spells      [Unskilled]

Voluntary challenges:
 Character rerolling was not enabled.
 You never genocided any monsters.
 You never polymorphed an object.
 You never changed form.
 You used no wishes.
Achievements:
 You entered a shop.
 You attained the rank of Field Worker.
 You entered the Gnomish Mines.

 The Dungeons of Doom: levels 1 to 5
    Level 1:
       A fountain.
    Level 2:
       An armor shop.
    Level 3:
       A general store.
       Stairs down to The Gnomish Mines.
    Level 4: <- You were here.
       An armor shop, a fountain.
       Final resting place for
          you, killed by a small mimic.
    Level 5:
 The Gnomish Mines:
    Level 4:


Vanquished creatures:
  a shrieker
  a dwarf
 an orc zombie
  a coyote
  a large kobold
  a hobgoblin
  2 giant rats
  a brown mold
  a gnome
  a gnome zombie
  6 geckos
  5 jackals
  a goblin
  4 sewer rats
  6 grid bugs
  7 lichens
  a kobold zombie
  9 newts
50 creatures vanquished.

No species were genocided or became extinct.

Game over:
                       ----------
                      /          \
                     /    REST    \
                    /      IN      \
                   /     PEACE      \
                  /                  \
                  |  LDaviesPeters   |
                  |      85 Au       |
                  |   killed by a    |
                  |   small mimic    |
                  |                  |
                  |                  |
                  |       2026       |
                 *|     *  *  *      | *
        _________)/\\_//(\/(/\)/\//\/|_)_______

Goodbye LDaviesPeters the Archeologist...

You died in The Dungeons of Doom on dungeon level 4 with 625 points,
and 85 pieces of gold, after 2806 moves.
You were level 4 with a maximum of 31 hit points when you died.

